 Dungeon Crawl Stone Soup version 0.31-a0-986-g5e6e4ef867 (webtiles) character file.

Game seed: 15595992095726944389

57 mattiecakes the Chopper (level 3, -7/28 HPs)
             Began as a Demonspawn Gladiator on Nov 15, 2023.
             Mangled by a river rat (8 damage)
             ... on level 3 of the Dungeon on Nov 16, 2023.
             The game lasted 00:03:12 (1671 turns).

mattiecakes the Chopper (Demonspawn Gladiator)      Turns: 1671, Time: 00:03:14

Health: -7/28      AC:  4    Str: 16    XL:     3   Next: 73%
Magic:  3/3        EV: 12    Int:  9    God:
Gold:   91         SH:  0    Dex: 14    Spells: 2/2 levels left

rFire   . . .        a - +0 war axe
rCold   . . .        (no shield)
rNeg    . . .        b - +0 leather armour
rPois   .            (helmet restricted)
rElec   .            (no cloak)
rCorr   .            (no gloves)
SInv    .            (no boots)
Will    .....        (no amulet)
Stlth   +            (no ring)
HPRegen 0.24/turn    (no ring)
MPRegen 0.08/turn

%: no passive effects
@: attractive
A: horns 1, rugged brown scales 1, MP-powered wands
a: no special abilities


You were on level 3 of the Dungeon.
You visited 1 branch of the dungeon, and saw 3 of its levels.

You collected 91 gold pieces.

Inventory:

Hand Weapons
 a - a +0 war axe (weapon)
Missiles
 d - 3 throwing nets (quivered)
 e - a javelin
Armour
 b - a +0 leather armour (worn)
 c - a +0 helmet
Scrolls
 g - a scroll of torment
 i - a scroll of teleportation {unknown}
 j - a scroll of identify {unknown}
 l - 2 scrolls of immolation {unknown}
 o - a scroll of blinking {unknown}
 p - a scroll of poison {unknown}
 r - a scroll of fear {unknown}
Potions
 k - a potion of attraction
 m - a potion of might {unknown}
 n - a potion of brilliance {unknown}
 q - a potion of heal wounds {unknown}


   Skills:
 + Level 2.6 Fighting
 + Level 3.1 Axes
 + Level 2.4 Throwing
 + Level 3.1 Dodging


You had 2 spell levels left.
You didn't know any spells.
Your spell library contained the following spells:

 Spells                   Type           Power      Damage    Failure   Level
 Ozocubu's Armour         Ice            0%         N/A       83%         3
 Ozocubu's Refrigeration  Ice            0%         4d7       100%        7


Dungeon Overview and Level Annotations

Branches:
Dungeon (3/15)

Altars:
Cheibriados


Innate Abilities, Weirdness & Mutations

You have a pair of small horns on your head.
You are partially covered in rugged brown scales. (AC +1, +3% HP)
You expend magic power (3 MP) to strengthen your wands.


Message History

You are too injured to fight recklessly!
You are too injured to fight recklessly!
You are too injured to fight recklessly!
You are too injured to fight recklessly!
You are too injured to fight recklessly!
You are too injured to fight recklessly!
You are too injured to fight recklessly!
You are too injured to fight recklessly!
You are too injured to fight recklessly!
You are too injured to fight recklessly!
Unknown command.
You miss the adder.
You feel sick. The adder bites you but does no damage. The adder misses you.
There are monsters nearby!
You hit the adder.
The adder is lightly wounded.
You feel sick. The adder barely misses you.
The adder bites you but does no damage.
You closely miss the adder.
The adder is lightly wounded.
You feel sick. The adder bites you but does no damage.
The adder barely misses you.
You completely miss the adder.
The adder is lightly wounded.
You hear the slow rusting of a drain very nearby.
You feel sick. The adder closely misses you.
Unknown command.
It was a potion of mutation.
You feel extremely strange.
You feel your magical essence link to the dungeon's wands.
You feel sick. The adder bites you.
* * * LOW HITPOINT WARNING * * *
The river rat barely misses you. The adder bites you.
* * * LOW HITPOINT WARNING * * *
It was a potion of attraction.
You feel attractive to monsters.
* * * LOW HITPOINT WARNING * * *
You feel sick.
You are no longer poisoned.
The river rat bites you!
You die...

*
*~~~~~~~~*~~~......K....###**
* **~*******~#....###.##### *
*~~~~~~~*~~~...# #S# *** *
*******#*~~....#
#.#**,******* * *,*
#.,*#*#.###.##.#,,,,,,, * *,*
#..** #$......#**,*****
*****,* ##...###..##.##.#,**
,,,,,,***#......Sr....#**.#*
,,,,,,,,,,...##'@##.#.# **#
************,#≈≈≈≈#.#.#
*,#≈_⌠≈#...# *,#≈.>≈#..##
*,#≈≈≈≈#..# *,######..#
*,,,,,,,,,* *****,,,,,*
*******


You could see an adder and a river rat.

Vanquished Creatures
  An adder (D:3)
  3 dart slugs
  An orc (D:3)
  2 ball pythons
  3 endoplasms
  4 hobgoblins
  7 jackals
  A quokka (D:1)
  4 bats
  2 goblins
  6 kobolds
  4 rats
38 creatures vanquished.

Notes
Turn   | Place    | Note
-------+----------+-------------------------------------------
     0 | D:1      | mattiecakes the Demonspawn Gladiator began the quest for
                  | the Orb.
     0 | D:1      | Reached XP level 1. HP: 16/16 MP: 1/1
   246 | D:1      | Gained mutation: You have a pair of small horns on your
                  | head. [demonic ancestry]
   246 | D:1      | Reached XP level 2. HP: 22/22 MP: 2/2
   892 | D:2      | Gained mutation: You are partially covered in rugged brown
                  | scales. (AC +1, +3% HP) [demonic ancestry]
   892 | D:2      | Reached XP level 3. HP: 18/28 MP: 3/3
  1659 | D:3      | Found a snail-covered altar of Cheibriados.
  1670 | D:3      | Gained mutation: You expend magic power (3 MP) to
                  | strengthen your wands. [potion of mutation]
  1671 | D:3      | HP: 1/28 [poisoned by a kobold]
  1671 | D:3      | Mangled by a river rat

Illustrated notes

Levels and vault maps discovered:
D:1:      dpeg_arrival_another_circle, layout_basic
D:2:      layout_basic, kennysheep_generic_room_5
D:3:      layout_loops_ring, general_overflow_altar,
          shapermc_ecumenical_altar_totnotflames, lightli_sewer_entry_pipes,
          serial_bayou_pond_d

Skill      XL: |  1  2 |
---------------+-------+-----
Throwing       | 2 |  2.4
Axes           | 3 |  3.1
Dodging        | 3 |  3.1
Fighting       | |  2.6

Action                     || total
---------------------------++-------
  Melee: War axe           ||    84
         Headbutt          ||     8
         Punch             ||     1
    Use: Scroll            ||     2
         Potion            ||     2
   Stab: Sleeping          ||     1
 Armour: Leather armour    ||    53
  Dodge: Dodged            ||    63

Table legend: (Time is in decaauts)
 A = Elapsed time spent in this place.
 B = Non-inter-level travel time spent in this place.
 C = Inter-level travel time spent in this place.
 D = Time resting spent in this place.
 E = Time spent auto-exploring this place.
 F = Levels seen in this place.
 G = Mean time per level.
                   A        B        C        D        E       F      G
               +--------+--------+--------+--------+--------+-----+--------+
         Total |   1699 |   1670 |     29 |      0 |   1380 |   3 |  566.3 |
       Dungeon |   1699 |   1670 |     29 |      0 |   1380 |   3 |  566.3 |
               +--------+--------+--------+--------+--------+-----+--------+

Top non-repeatable levels by time:
     D:2: 887 daAuts
     D:1: 708 daAuts
     D:3: 103 daAuts
